 Dungeon Crawl Stone Soup version 0.21-a0-498-g1b60429 (webtiles) character file.

2 Goblin1989 the Skirmisher (level 1, 0/18 HPs)
             Began as a Demonspawn Berserker on Nov 24, 2017.
             Was a Follower of Trog.
             Hit by a stone thrown by a kobold (3 damage)
             ... on level 1 of the Dungeon.
             The game lasted 00:00:53 (52 turns).

Goblin1989 the Skirmisher (Demonspawn Berserker)      Turns: 52, Time: 00:00:54

Health: 0/18       AC:  2    Str: 17    XL:     1   Next: 33%
Magic:  1/1        EV: 12    Int:  8    God:    Trog [*.....]
Gold:   0          SH:  0    Dex: 12    Spells: 0/0 levels left

rFire    . . .     SeeInvis .   a - +0 hand axe
rCold    . . .     Gourm    .   (no shield)
rNeg     . . .     Faith    .   b - +0 animal skin
rPois    .         Spirit   .   (no helmet)
rElec    .         Reflect  .   (no cloak)
rCorr    .         Harm     .   (no gloves)
MR       .....                  (no boots)
Stlth    +.........             (no amulet)
HPRegen  0.06/turn              (no ring)
MPRegen  0.07/turn              (no ring)

@: no status effects
A: no striking features
a: Berserk, Burn Spellbooks, Renounce Religion


You were on level 1 of the Dungeon.
You worshipped Trog.
Trog was aware of your devotion.
You were not hungry.

You visited 1 branch of the dungeon, and saw 1 of its levels.

Inventory:

Hand Weapons
 a - a +0 hand axe (weapon)
 g - a +0 vampiric short sword
Armour
 b - a +0 animal skin (worn)
Scrolls
 f - a scroll of magic mapping {unknown}
Comestibles
 e - a bread ration {@e1}


   Skills:
 - Level 3.0 Fighting
 + Level 2.9 Axes
 - Level 1.7 Armour
 - Level 1.7 Dodging


You couldn't memorise any spells.
You didn't know any spells.

Dungeon Overview and Level Annotations

Branches:
Dungeon (1/15)

Altars:


Message History

e - a bread ration Welcome, Goblin1989 the Demonspawn Berserker.
Will you prevail where others failed? Will you find the Orb of Zot?
Trog says: Kill them all!
Press ? for a list of commands and other information.
Found a staircase leading out of the dungeon.
You open the gate.
A kobold comes into view.
The kobold shouts!
There is an open gate here.
You closely miss the kobold. The kobold hits you but does no damage.
You slash the kobold!
You kill the kobold!
Trog accepts your kill.
You see here a kobold corpse.
f - a scroll labeled REETAF WALYIT A bat comes into view.
A leopard gecko comes into view.
You closely miss the leopard gecko. The leopard gecko closely misses you.
You hit the leopard gecko but do no damage.
The leopard gecko closely misses you. The leopard gecko barely misses you.
You hit the leopard gecko.
The leopard gecko is severely wounded.
The leopard gecko bites you.
You take 4 damage, and have 14/18 hp.
MASSIVE DAMAGE!!
You hit the leopard gecko but do no damage.
The leopard gecko is severely wounded.
The leopard gecko closely misses you. The leopard gecko bites you.
You take 3 damage, and have 11/18 hp.
You hit the leopard gecko but do no damage.
The leopard gecko is severely wounded.
The leopard gecko barely misses you.
You closely miss the leopard gecko.
The leopard gecko is severely wounded.
The leopard gecko bites you.
* * * LOW HITPOINT WARNING * * *
The leopard gecko misses you.
You take 3 damage, and have 8/18 hp.
You closely miss the leopard gecko.
The leopard gecko is severely wounded.
The leopard gecko bites you.
* * * LOW HITPOINT WARNING * * *
You take 3 damage, and have 5/18 hp.
You closely miss the leopard gecko.
The leopard gecko is severely wounded.
The leopard gecko bites you but does no damage.
You closely miss the leopard gecko.
The leopard gecko is severely wounded.
The leopard gecko bites you.
* * * LOW HITPOINT WARNING * * *
The leopard gecko barely misses you.
You take 3 damage, and have 2/18 hp.
You hit the leopard gecko.
You kill the leopard gecko!
Trog accepts your kill.
You see here a leopard gecko corpse.
A rat and a kobold come into view.
The kobold shouts!
You hear an angry hiss.
You hear a bark!
You hear a shout!
You hear an angry hiss.
The kobold throws a stone.
The stone hits you but does no damage.
A frilled lizard comes into view.
You see here a stone.
The kobold throws a stone.
The stone closely misses you.
Things that are here:
a stone; a runed short sword
g - a runed short sword The kobold throws a stone.
The stone barely misses you.
A goblin comes into view. It is wielding a dagger.
The rat closely misses you.
The kobold throws a stone.
The stone hits you.
You die...

.████.██ .██$...█
███.██.█..██
...██.█...██
█..........██████
██.███...........█
........†...████(█
██.█████...██ █(█
██.█


█████ █@█ ...█ █...r...█ ████ █.██l.█.█ .█ .. ...K .. .█ ..█ █)... █.. .█ .
█....█ . .█ ....g. .█ █...█.█ .███ You could see a goblin, a kobold, a frilled
lizard and a rat.

Vanquished Creatures
  A leopard gecko (D:1)
  A kobold (D:1)
2 creatures vanquished.

Notes
Turn   | Place    | Note
-------+----------+-------------------------------------------
     0 | D:1      | Goblin1989 the Demonspawn Berserker began the quest for the Orb.
     0 | D:1      | Reached XP level 1. HP: 18/18 MP: 1/1
     1 | D:1      | Goblin1989: !hs * dsbe -log
     1 | D:1      | beem: 71444. zugundertherug, XL27 DsBe, T:41999: http://crawl.akrasiac.org/rawdata/zugundertherug/morgue-zugundertherug-20131005-154915.txt
    52 | D:1      | Hit by a stone thrown by a kobold

Vault maps used:
D:1:      dpeg_arrival_windows_large_door, minmay_misc_feat_rugged, hex_tiny

Action                   || total
-------------------------++-------
Melee: Hand axe          ||    12
Armor: Animal skin       ||     3
Dodge: Dodged            ||    10

Table legend:
 A = Spawn XP
 B = Non-spawn XP
 C = Spawn XP percentage of total XP
 D = Spawn monster count
 E = Non-spawn monster count
 F = Spawn count percentage of total count
 G = Total turns spent on level
                    A         B        C        D         E        F      G
               +---------+---------+-------+---------+---------+-------+---------
         Total |       0 |       4 |   0.0 |       0 |       2 |   0.0 |    52
               +---------+---------+-------+---------+---------+-------+---------
           D:1 |       0 |       4 |   0.0 |       0 |       2 |   0.0 |    52
               +---------+---------+-------+---------+---------+-------+---------

Vault maps used:
D:1:      dpeg_arrival_windows_large_door, minmay_misc_feat_rugged, hex_tiny
